Map: Ruins of Endion

Players

Miszu

  • Race: Terran Terran
  • League: Grandmaster

IIIIIIIII - Winner!

  • Race: Protoss Protoss
  • League: Grandmaster

VOD

Have the link to the VOD?

Description

Time

  • Played on: May 16, 2016, 2:58 p.m.
  • Length: 11:10
Show
View Real Time Build Order
Export as new Build Order

Miszu Terran 

Build Orders: MMM Bio 

Get SALT Encoding   

  12  0:00  SCV  
  13  0:12  SCV  
  14  0:18  Supply Depot  
  14  0:24  SCV  
  15  0:40  SCV  
  15  0:41  Barracks  
  16  0:52  SCV  
  17  1:04  SCV  
  18  1:15  Command Center  
  18  1:20  SCV  
  19  1:30  Marine  
  20  1:33  Orbital Command  
  20  1:46  Supply Depot  
  20  1:47  Marine  
  21  1:56  Barracks  
  21  1:58  SCV  
  22  2:07  Barracks  
  22  2:10  Marine, SCV  
  24  2:18  Refinery  
  24  2:19  Refinery  
  24  2:24  SCV  
  25  2:30  Orbital Command  
  25  2:34  Marine  
  26  2:42  SCV  
  26  2:43  Marine  
  28  2:54  Marine, SCV  
  28  2:55  Barracks Tech Lab  
  28  2:56  SCV  
  31  3:01  Marine  
  32  3:06  SCV  
  32  3:08  SCV  
  32  3:12  Marine  
  35  3:13  Marine, Stimpack  
  35  3:18  SCV  
  37  3:20  SCV  
  37  3:24  Supply Depot, Marine  
  39  3:30  SCV  
  39  3:32  SCV  
  39  3:33  Factory  
  41  3:36  Marine x2  
  43  3:42  SCV  
  43  3:44  SCV  
  43  3:46  Supply Depot  
  43  3:47  Marine  
  46  3:54  Marine, SCV  
  48  3:57  Marine  
  48  3:59  SCV  
  48  4:01  Refinery  
  50  4:05  Engineering Bay, Marine  
  50  4:07  SCV  
  50  4:09  Supply Depot  
  52  4:11  Marine, SCV  
  52  4:16  Marauder  
  56  4:19  SCV  
  56  4:20  Starport  
  57  4:26  Factory Reactor  
  57  4:27  SCV  
  58  4:31  Missile Turret  
  58  4:32  SCV  
  58  4:35  Missile Turret  
  58  4:36  Barracks Reactor  
  59  4:39  Terran Infantry Weapons Level 1  
  59  4:41  Barracks Tech Lab, SCV  
  59  4:44  SCV  
  61  4:46  Supply Depot  
  63  4:53  Marauder, SCV  
  63  4:56  SCV  
  65  5:05  SCV  
  68  5:07  Marauder  
  68  5:08  Supply Depot, SCV, Factory Reactor  
  55  5:29  Marine  
  55  5:30  Medivac x2, Marauder  
  55  5:31  Marine, Marauder  
  55  5:33  Command Center  
  65  5:36  Refinery  
  65  5:48  Widow Mine x2  
  69  5:51  Marauder  
  69  5:53  Marauder  
  69  5:54  Supply Depot, Combat Shields  
  69  5:55  Marine, Concussive Shells  
  69  5:56  Marine  
  75  6:01  SCV x2  
  77  6:11  Medivac  
  77  6:12  Marine, Medivac  
  77  6:13  Marine, SCV x2  
  77  6:16  Marauder  
  77  6:17  Widow Mine  
  77  6:18  Widow Mine  
  91  6:25  Marine, SCV  
  93  6:43  Marine, Marauder  
  93  6:44  Orbital Command  
  93  6:45  Marine, Marauder  
  70  7:03  Orbital Command  
  70  7:04  Marauder  
  70  7:07  Marauder  
  71  7:14  Marine x2  
  73  7:16  Widow Mine x2  
  73  7:19  Medivac x2  
  73  7:20  SCV x2  
  83  7:25  Marauder  
  83  7:28  Marauder  
  83  7:29  SCV  
  88  7:32  Marine x2, SCV  
  88  7:33  SCV  
  92  7:41  SCV  
  93  7:47  Marauder  
  93  7:49  Marine  
  93  7:50  Marine x2  
  77  8:07  Marine, Marauder  
  77  8:08  Marauder  
  82  8:14  Marine  
  82  8:15  Medivac, Widow Mine x2  
  82  8:16  Medivac  
  91  8:20  Orbital Command  
  91  8:25  Marine  
  92  8:29  Marauder  
  92  8:30  Marauder  
  92  8:32  Marine  
  97  8:43  Marine, Widow Mine  
  100  8:50  Marine, Marauder  
  100  8:51  Marauder  
  100  8:54  SCV x2  
  96  9:01  Marine  
  92  9:05  Widow Mine  
  92  9:06  Medivac x2  
  92  9:07  Marine  
  99  9:11  Marauder, SCV x3  
  99  9:12  Marine  
  105  9:19  Marine  
  105  9:20  Widow Mine  
  108  9:25  Marine  
  108  9:30  Marauder  
  109  9:48  Marine  
  109  9:49  Marine  
  109  9:50  Marauder  
  109  9:55  Medivac  
  109  9:58  Widow Mine  
  108  10:02  Marauder  
  108  10:06  Marine  
  101  10:07  Marine  
  101  10:08  SCV x2  
  101  10:09  SCV  
  101  10:11  Marine  
  102  10:16  Barracks  
  102  10:17  Barracks  
  102  10:20  SCV x2  
  102  10:21  SCV  
  103  10:23  Marauder  
  103  10:24  Marine  
  103  10:25  Marine  
  106  10:29  Marauder  
  106  10:32  SCV  
  106  10:33  SCV x2  
  101  10:44  Marauder, SCV  
Show
View Real Time Build Order
Export as new Build Order

IIIIIIIII Protoss - Winner!

Build Orders: 1 Gate Expand 

Get SALT Encoding   

  12  0:01  Probe (Chrono Boost)  
  13  0:11  Probe (Chrono Boost)  
  14  0:18  Pylon  
  14  0:22  Probe (Chrono Boost)  
  15  0:36  Probe (Chrono Boost)  
  15  0:38  Gateway  
  16  0:46  Probe (Chrono Boost)  
  16  0:48  Assimilator  
  18  0:57  Probe (Chrono Boost)  
  18  1:07  Probe (Chrono Boost)  
  19  1:20  Nexus  
  19  1:28  Cybernetics Core  
  19  1:31  Probe (Chrono Boost)  
  20  1:42  Probe (Chrono Boost)  
  21  1:47  Assimilator  
  21  1:51  Pylon  
  21  1:52  Probe (Chrono Boost)  
  22  2:09  Adept  
  22  2:10  Mothership Core (Chrono Boost)  
  26  2:18  Warp Gate  
  26  2:28  Probe (Chrono Boost)  
  27  2:32  Probe (Chrono Boost)  
  28  2:37  Robotics Facility  
  28  2:38  Probe (Chrono Boost)  
  28  2:43  Probe (Chrono Boost)  
  30  2:49  Probe (Chrono Boost)  
  31  2:53  Probe (Chrono Boost)  
  34  3:00  Probe (Chrono Boost)  
  34  3:04  Probe (Chrono Boost)  
  36  3:10  Probe (Chrono Boost)  
  37  3:14  Probe (Chrono Boost)  
  37  3:15  Twilight Council  
  37  3:16  Forge  
  38  3:20  Sentry  
  38  3:21  Probe (Chrono Boost)  
  38  3:24  Pylon  
  38  3:25  Probe (Chrono Boost)  
  40  3:30  Warp Prism  
  40  3:31  Probe (Chrono Boost)  
  43  3:35  Probe (Chrono Boost)  
  43  3:40  Resonating Glaives (Chrono Boost)  
  44  3:42  Probe (Chrono Boost)  
  44  3:43  Gateway  
  44  3:46  Gateway  
  44  3:48  Probe (Chrono Boost)  
  46  3:55  Protoss Ground Weapons Level 1 (Chrono Boost)  
  46  3:58  Probe  
  47  4:02  Gateway  
  47  4:05  Probe  
  47  4:08  Observer  
  49  4:11  Pylon, Probe  
  50  4:17  Probe  
  51  4:24  Pylon  
  51  4:26  Adept  
  51  4:28  Probe  
  51  4:29  Observer  
  55  4:31  Probe  
  55  4:35  Assimilator  
  55  4:38  Pylon  
  56  4:39  Assimilator  
  56  4:41  Adept  
  56  4:42  Adept  
  56  4:43  Probe  
  61  4:48  Probe  
  61  4:51  Pylon  
  62  4:58  Nexus  
  62  5:01  Probe x2  
  64  5:13  Adept  
  64  5:14  Adept x3  
  70  5:20  Probe  
  70  5:21  Probe  
  68  5:29  Immortal  
  68  5:31  Blink  
  68  5:33  Probe x2  
  72  5:45  Probe  
  72  5:48  Adept  
  72  5:49  Adept x3  
  81  5:51  Probe  
  83  5:57  Pylon, Probe  
  83  6:00  Pylon  
  83  6:02  Pylon  
  83  6:03  Probe  
  84  6:09  Adept  
  84  6:10  Adept x2  
  84  6:11  Adept  
  92  6:12  Probe  
  92  6:13  Probe  
  93  6:19  Protoss Ground Armor Level 1 (Chrono Boost)  
  93  6:20  Probe  
  93  6:23  Probe  
  93  6:24  Pylon  
  95  6:38  Stalker x4  
  99  6:45  Probe x2  
  97  6:48  Pylon  
  97  6:50  Pylon  
  93  6:59  Immortal (Chrono Boost)  
  83  7:03  Pylon  
  71  7:09  Stalker x4  
  71  7:14  Gateway  
  79  7:16  Gateway  
  79  7:18  Gateway  
  79  7:26  Assimilator  
  79  7:28  Assimilator  
  79  7:31  Adept x4  
  87  7:39  Gateway x2  
  87  7:40  Immortal (Chrono Boost)  
  83  7:51  Adept  
  83  7:52  Adept x3  
  74  8:10  Adept  
  74  8:11  Adept  
  72  8:13  Stalker  
  72  8:14  Immortal (Chrono Boost), Stalker x3  
  72  8:18  Probe  
  85  8:22  Probe  
  85  8:25  Adept  
  88  8:28  Probe  
  88  8:30  Probe  
  88  8:33  Pylon  
  90  8:34  Adept x2, Pylon  
  90  8:37  Adept x3  
  100  8:44  Adept  
  100  8:48  Adept  
  102  8:51  Adept x2  
  96  8:56  Adept  
  96  8:57  Adept x2  
  92  9:05  Stalker  
  92  9:06  Stalker x2  
  98  9:22  Probe x3  
  93  9:25  Stalker x4  
  95  9:34  Probe  
  95  9:35  Probe x2  
  98  9:41  Adept x4  
  98  9:57  Adept x3  
  96  10:06  Warp Prism (Chrono Boost)  
  96  10:09  Adept  
  96  10:10  Adept x2  
  96  10:12  Probe x2  
  100  10:19  Pylon  
  100  10:20  Adept x2  
  100  10:21  Adept  
  99  10:32  Adept x3  
  103  10:42  Probe  
  98  10:44  Stalker  
  98  10:46  Pylon  
  98  10:50  Pylon  
  96  11:03  Stalker x2  
  96  11:06  Pylon  
  96  11:09  Pylon  
Tags
 
Add a new tag
Caveats
  • Supply blocks, unpowered buildings, or Contaminate may cause inaccurate times.
  • Supply counts are checked every 10 seconds.